 Dungeon Crawl Stone Soup version 0.29-a0-791-ga0f254aafb (webtiles) character file.

Game seed: 9541111132483108919

99 Malachi the Shooter (level 4, 0/33 HPs)
             Began as a Demonspawn Hunter on July 3, 2022.
             Frozen to death by an endoplasm (3 damage)
             ... on level 3 of the Dungeon.
             The game lasted 00:03:05 (2102 turns).

Malachi the Shooter (Demonspawn Hunter)             Turns: 2102, Time: 00:03:05

Health: 0/33       AC:  0    Str: 11    XL:     4   Next: 45%
Magic:  4/4        EV: 16    Int:  7    God:
Gold:   85         SH:  0    Dex: 22    Spells: 3/3 levels left

rFire   . . .      SeeInvis .   a - +0 shortbow
rCold   . . .      Faith    .   (shield currently unavailable)
rNeg    . . .      Spirit   .   (no body armour)
rPois   .          Reflect  .   (no helmet)
rElec   .          Harm     .   n - scarf {+Inv}
rCorr   .          Rampage  .   (no gloves)
Will    .....                   (no boots)
Stlth   ++........              (no amulet)
HPRegen 0.11/turn               f - +4 ring of evasion
MPRegen 0.18/turn               (no ring)

@: no status effects
A: hooves 1, powered by death 1, magic regeneration, agile 1, dopey 1, passive
freeze, sense surroundings 1
a: Evoke Invisibility


You were on level 3 of the Dungeon.
You visited 1 branch of the dungeon, and saw 3 of its levels.

You collected 85 gold pieces.

Inventory:

Hand Weapons
 a - a +0 shortbow (weapon)
Missiles
 l - 5 atropa-tipped darts
Armour
 c - a +0 leather armour
 n - a scarf of invisibility (worn)
Jewellery
 f - a +4 ring of evasion (left hand)
 o - a ring of positive energy
Scrolls
 b - a scroll of immolation
 d - 2 scrolls of identify {unknown}
 g - a scroll of magic mapping {unknown}
 j - 2 scrolls of enchant armour {unknown}
 m - a scroll of blinking {unknown}
 r - a scroll of fear {unknown}
Potions
 h - 2 potions of curing
 p - a potion of cancellation
 q - a potion of heal wounds


   Skills:
 - Level 2.1 Fighting
 * Level 5.3 Ranged Weapons
 - Level 1.7 Dodging
 - Level 0.8 Stealth


You had 3 spell levels left.
You didn't know any spells.
Your spell library contained the following spells:

 Spells                   Type           Power      Damage    Failure   Level
 Summon Small Mammal      Summ           0%         N/A       43%         1
 Call Canine Familiar     Summ           0%         N/A       80%         3
 Portal Projectile        Hex/Tloc       0%         N/A       80%         3
 Summon Guardian Golem    Hex/Summ       0%         N/A       80%         3
 Tukima's Dance           Hex            0%         N/A       80%         3
 Blade Hands              Tmut           0%         N/A       100%        5


Dungeon Overview and Level Annotations

Branches:
Dungeon (3/15)

Altars:
Makhleb


Innate Abilities, Weirdness & Mutations

You have large cloven feet.
You regenerate a little health from kills.
You regenerate magic rapidly.
You are agile. (Dex +4, Str/Int -1)
You are dopey. (Int -2)
A frigid envelope surrounds you and freezes all who hurt you.
You passively map a small area around you.


Message History

You feel magically purged.
You float gracefully downwards.
The rat misses you.
It was a potion of heal wounds.
You feel much better. The rat barely misses you.
The orc priest casts a cantrip, but nothing happens.
Fire: a) +0 shortbow
Press: ? - help, Q - select action, (/) - cycle Shift-Dir - straight line, f - rat
Aim: a rat You shoot an arrow.
The arrow hits the rat but does no damage.
The rat misses you.
Unknown command.
Fire: a) +0 shortbow
Press: ? - help, Q - select action, (/) - cycle Shift-Dir - straight line, f/p - rat
Aim: a rat You shoot an arrow.
The arrow hits the rat.
The rat is severely wounded.
The rat bites you.
The rat is very cold.
You kill the rat!
Fire: a) +0 shortbow
Press: ? - help, Q - select action, (/) - cycle Shift-Dir - straight line, f - orc priest
Aim: an orc priest, wielding a +0 hand axe You shoot an arrow.
The arrow hits the orc priest.
The orc priest is lightly wounded.
The orc priest mumbles some strange prayers to Beogh against you.
Beogh smites you!
The orc priest hits you with a +0 hand axe!
The orc priest is very cold.
The orc priest is moderately wounded.
Fire: a) +0 shortbow
Press: ? - help, Q - select action, (/) - cycle Shift-Dir - straight line, f/p - orc priest
Aim: an orc priest, wielding a +0 hand axe (moderately wounded)
You shoot an arrow.
The arrow closely misses the orc priest.
The orc priest hits you with a +0 hand axe!
* * * LOW HITPOINT WARNING * * *
The orc priest is very cold.
The orc priest is almost dead.
The endoplasm freezes you.
You are frozen.
You die...

* * , .# * .# *
,., , .# ≈ .(.
#.# ≈≈
....#####.##### *
..............###
*
......J@o.......#
*
.....$##.####.#.#
........o.# #.#.#
##........# #.#.#
#.....##.###.#.#
*
##...#*#.....#.#
...#. #.#####o#
##.. * #.# #o# *
#.. #.# #.######


You could see 2 orc priests and an endoplasm.

Vanquished Creatures
  An orc priest (D:3)
  3 adders (D:2)
  A dart slug (D:2)
  2 orcs (D:3)
  3 endoplasms
  A giant cockroach (D:2)
  2 goblins (D:1)
  4 hobgoblins
  3 jackals (D:1)
  7 ball pythons
  3 bats
  A frilled lizard (D:1)
  6 kobolds
  5 rats
42 creatures vanquished.

Notes
Turn   | Place    | Note
-------+----------+-------------------------------------------
     0 | D:1      | Malachi the Demonspawn Hunter began the quest for the Orb.
     0 | D:1      | Reached XP level 1. HP: 16/16 MP: 1/1
   166 | D:1      | Reached skill level 4 in Ranged Weapons
   166 | D:1      | Gained mutation: You have large cloven feet. [demonic
                  | ancestry]
   166 | D:1      | Reached XP level 2. HP: 22/22 MP: 2/2
   686 | D:1      | Found a faded altar of an unknown god.
  1222 | D:2      | Gained mutation: You regenerate a little health from kills.
                  | [demonic ancestry]
  1222 | D:2      | Reached XP level 3. HP: 27/27 MP: 3/3
  1554 | D:2      | Reached skill level 5 in Ranged Weapons
  1895 | D:3      | Found a burning altar of Makhleb.
  2037 | D:3      | Gained mutation: You regenerate magic rapidly. [demonic
                  | ancestry]
  2037 | D:3      | Reached XP level 4. HP: 33/33 MP: 4/4
  2096 | D:3      | Gained mutation: A frigid envelope surrounds you and
                  | freezes all who hurt you. [potion of mutation]
  2096 | D:3      | Gained mutation: You are dopey. (Int -2) [potion of
                  | mutation]
  2096 | D:3      | Gained mutation: You passively map a small area around you.
                  | [potion of mutation]
  2096 | D:3      | Gained mutation: You are agile. (Dex +4, Str/Int -1)
                  | [potion of mutation]
  2102 | D:3      | Frozen to death by an endoplasm

Illustrated notes

Levels and vault maps discovered:
D:1:      giann_wishing_wells, layout_basic, ebering_ecumenical_altar_webs
D:2:      layout_loops_corners, minmay_strange_pillars
D:3:      layout_loops_ring, mainiacjoe_overflow_24_doors,
          nicolae_uskayaw_suspiria, nzn_wu_jian_contemplation, serial_shops,
          nicolae_shop_waterfront

Skill      XL: |  1  2  3 |
---------------+----------+-----
Ranged Weapons | 4 5 |  5.3
Fighting       | |  2.1
Dodging        | |  1.7
Stealth        | |  0.8

Action                   |  1- 3 |  4- 6 || total
-------------------------+-------+-------++-------
 Fire: Shortbow          |    91 |    16 ||   107
  Use: Potion            |       |     6 ||     6
Dodge: Dodged            |    22 |    11 ||    33

Table legend: (Time is in decaauts)
 A = Elapsed time spent in this place.
 B = Non-inter-level travel time spent in this place.
 C = Inter-level travel time spent in this place.
 D = Time resting spent in this place.
 E = Time spent auto-exploring this place.
 F = Levels seen in this place.
 G = Mean time per level.
                   A        B        C        D        E       F      G
               +--------+--------+--------+--------+--------+-----+--------+
         Total |   2129 |   2066 |     63 |    396 |   1370 |   3 |  709.7 |
       Dungeon |   2129 |   2066 |     63 |    396 |   1370 |   3 |  709.7 |
               +--------+--------+--------+--------+--------+-----+--------+

Top non-repeatable levels by time:
     D:2: 988 daAuts
     D:1: 854 daAuts
     D:3: 286 daAuts
